 Dungeon Crawl Stone Soup version 0.16-a0-2063-g87d9768 (webtiles) character file.

116 Fiveotanaka the Magician (level 4, -3/33 HPs)
             Began as a Draconian Fire Elementalist on Nov 12, 2014.
             Slain by Grinder (7 damage)
             ... on level 3 of the Dungeon.
             The game lasted 00:12:33 (3291 turns).

Fiveotanaka the Magician (DrFE)                     Turns: 3291, Time: 00:12:33

Health: -3/33      AC:  5    Str: 10    XL:     4   Next: 70%
Magic:  0/10       EV: 12    Int: 17    God:
Gold:   70         SH:  0    Dex: 12    Spells: 2 memorised, 7 levels left

rFire  + . .     SeeInvis .     a - +0 short sword
rCold  + . .     Clarity  .     (armour unavailable)
rNeg   . . .     SustAb   .     (no shield)
rPois  +         Gourm    .     (helmet restricted)
rElec  +         Spirit   .     (no cloak)
rCorr  +         Warding  .     (no gloves)
rMut   .         Stasis   .     (no boots)
MR     .....                    (no amulet)
Stlth  ++........               l - ring of flight
                                j - +1 ring of intelligence

@: resistant, very slightly contaminated, not resistant to hostile enchantments,
unstealthy
A: unfitting armour, cold-blooded, AC +5
a: Evoke Flight


You were on level 3 of the Dungeon.
You were hungry.

You visited 1 branch of the dungeon, and saw 3 of its levels.

You collected 70 gold pieces.

Inventory:

Hand weapons
 a - a +0 short sword (weapon)
Missiles
 d - 12 poisoned arrows
 g - 16 bolts
 h - 8 stones (quivered)
 k - 14 poisoned needles
Jewellery
 j - a +1 ring of intelligence (left hand)
 l - a ring of flight (right hand)
Scrolls
 i - a scroll of magic mapping {unknown}
 m - a scroll of blinking {unknown}
 o - a scroll of random uselessness {unknown}
Potions
 p - a potion of haste {unknown}
Books
 b - a book of Flames

   Spells                             Type                      Level
   *Flame Tongue                      Conjuration/Fire             1
   *Throw Flame                       Conjuration/Fire             2
   Conjure Flame                      Conjuration/Fire             3
   Inner Flame                        Hexes/Fire                   3
   Sticky Flame                       Conjuration/Fire             4
   Fireball                           Conjuration/Fire             5
Comestibles
 c - 4 bread rations
 f - 10 fruits


   Skills:
 - Level 1.8 Dodging
 - Level 1.7 Stealth
 + Level 3.5 Spellcasting
 - Level 3.1 Conjurations
 - Level 3.0 Fire Magic


You had 7 spell levels left.
You knew the following spells:

 Your Spells              Type           Power        Failure   Level  Hunger
a - Flame Tongue          Conj/Fire      ##...        6%          1    None
b - Throw Flame           Conj/Fire      ##....       10%         2    ##.....


Dungeon Overview and Level Annotations

Branches:
Dungeon (3/15)

Altars:
Xom

Annotations:
D:3 Grinder


Innate Abilities, Weirdness & Mutations

Your plain brown scales are hard (AC +5).
Your body does not fit into most forms of armour.
Your cold-blooded metabolism reacts poorly to cold.


Message History

Grinder barely misses you.
You hit Grinder.
Your tail-slap misses Grinder.
Grinder is heavily wounded.
Grinder hits you!
You writhe in agony.
* * * LOW HITPOINT WARNING * * *
You hit Grinder.
Grinder is heavily wounded.
Grinder completely misses you.
You closely miss Grinder.
Grinder is heavily wounded.
Grinder hits you.
* * * LOW HITPOINT WARNING * * *
You writhe in agony. x2
You barely miss Grinder.
Grinder is heavily wounded.
Grinder misses you.
You completely miss Grinder.
Grinder is heavily wounded.
Grinder hits you!
You die...

#.## #...## #..#
#.....# ##.## #.......
########...####.......>
..............+........
########...####........
#........# #.......
#5###.##.# ##.....#
##>@.#.# .# ##...##
#.###..# # ##'## #.#
#..# #.# #.###.## #.#
##...## ##.## #..##
##...## #.. #.....# ##5
##...## ... ##....


You could see Grinder.

Vanquished Creatures
  Jessica (D:2)
  An adder (D:3)
  3 worms
  2 giant geckos (D:1)
  4 oozes (D:1)
  2 orcs (D:3)
  7 giant cockroaches
  8 goblins
  6 hobgoblins
  2 jackals (D:1)
  8 kobolds
  3 ball pythons (D:1)
  9 bats
  4 giant newts
  7 rats
67 creatures vanquished.

Notes
Turn   | Place    | Note
--------------------------------------------------------------
     0 | D:1      | Fiveotanaka, the Draconian Fire Elementalist, began the quest for the Orb.
     0 | D:1      | Reached XP level 1. HP: 14/14 MP: 3/3
   275 | D:1      | Reached XP level 2. HP: 20/20 MP: 1/4
   942 | D:1      | Reached XP level 3. HP: 13/26 MP: 1/6
  2119 | D:2      | Learned a level 2 spell: Throw Flame
  2144 | D:2      | Noticed Jessica
  2146 | D:2      | Killed Jessica
  2146 | D:2      | Reached XP level 4. HP: 33/33 MP: 2/9
  2630 | D:2      | Found a shimmering altar of Xom.
  3271 | D:3      | Noticed Grinder
  3291 | D:3      | Slain by Grinder

Action                   |  1- 3 |  4- 6 || total
-------------------------+-------+-------++-------
Melee: Unarmed           |    15 |       ||    15
       Short sword       |    54 |    21 ||    75
 Cast: Flame Tongue      |    74 |    30 ||   104
       Throw Flame       |     1 |     5 ||     6
  Use: Scroll            |       |     2 ||     2
       Potion            |       |     1 ||     1
  Eat: Chunk             |     5 |     3 ||     8
